 Dungeon Crawl Stone Soup version 0.20.1-1-g8b1a95d (webtiles) character file.

17 sinon the Chiller (level 2, -2/19 HPs)
             Began as a Demonspawn Ice Elementalist on Dec 9, 2017.
             Was an Initiate of Okawaru.
             Slain by a gnoll
             ... wielding a +0 spear
              (9 damage)
             ... on level 1 of the Dungeon.
             The game lasted 00:05:41 (636 turns).

sinon the Chiller (Demonspawn Ice Elementalist)      Turns: 636, Time: 00:05:41

Health: -2/19      AC:  4    Str:  8    XL:     2   Next: 44%
Magic:  1/5        EV: 12    Int: 16    God:    Okawaru [......]
Gold:   32         SH:  0    Dex: 13    Spells: 2/5 levels left

rFire    . . .     SeeInvis .   (no weapon)
rCold    . . .     Gourm    .   (no shield)
rNeg     . . .     Faith    .   a - +0 robe
rPois    .         Spirit   .   (no helmet)
rElec    .         Reflect  .   (no cloak)
rCorr    .         Harm     .   (no gloves)
MR       .....                  (no boots)
Stlth    ++........             (no amulet)
Regen    0.1/turn               (no ring)
MPRegen  0.1/turn               (no ring)

@: no status effects
A: iridescent scales 1
a: Renounce Religion


You were on level 1 of the Dungeon.
You worshipped Okawaru.
Okawaru was noncommittal.
You were not hungry.

You visited 1 branch of the dungeon, and saw 1 of its levels.

You collected 32 gold pieces.

Inventory:

Missiles
 h - 40 stones (quivered)
Armour
 a - a +0 robe (worn)
Scrolls
 e - a scroll of magic mapping {unknown}
 f - a scroll of enchant weapon {unknown}
 i - a scroll of identify {unknown}
Potions
 g - a potion of curing {unknown}
 j - a potion of heal wounds {unknown}
 k - a potion of berserk rage {unknown}
Books
 b - a book of Frost

   Spells                             Type                      Level
   a - Freeze                         Ice                          1
   b - Throw Frost                    Conjuration/Ice              2
   c - Ozocubu's Armour               Charms/Ice                   3
   d - Throw Icicle                   Conjuration/Ice              4
   e - Summon Ice Beast               Ice/Summoning                4
Comestibles
 c - 2 bread rations
 d - a chunk of flesh


   Skills:
 - Level 1.7 Dodging
 - Level 1.7 Stealth
 - Level 2.0 Spellcasting
 - Level 1.0 Conjurations
 + Level 3.5 Ice Magic


You had 2 spell levels left.
You knew the following spells:

 Your Spells              Type           Power        Failure   Level  Hunger
a - Freeze                Ice            ##..         4%          1    #......
b - Throw Frost           Conj/Ice       #.....       12%         2    ###....


Dungeon Overview and Level Annotations

Branches:
Dungeon (1/15)

Altars:
Okawaru

Annotations:
D:1 exclusion: gnoll


Innate Abilities, Weirdness & Mutations

You are partially covered in iridescent scales. (AC +2)


Message History

The gnoll is almost dead.
The gnoll hits you with a spear.
You take 3 damage, and have 6/19 hp.
Throwing (i - inventory):
h - 43 stones (quivered)
Press: ? - help, Shift-Dir - straight line, f/p - gnoll
Aim: a gnoll, wielding a spear (almost dead)
You throw a stone. The stone closely misses the gnoll.
The gnoll barely misses you.
Throwing (i - inventory):
h - 42 stones (quivered)
Press: ? - help, Shift-Dir - straight line, f/p - gnoll
Aim: a gnoll, wielding a spear (almost dead)
You throw a stone. The stone barely misses the gnoll.
The gnoll hits you but does no damage.
Throwing (i - inventory):
h - 41 stones (quivered)
Press: ? - help, Shift-Dir - straight line, f/p - gnoll
Aim: a gnoll, wielding a spear (almost dead)
You throw a stone. The stone hits the gnoll.
The gnoll is almost dead.
The gnoll hits you with a spear!
You die...

# #........ ###+#####
###.# # #......(#
....# . #.......#
..###.. # #.......#
......g #.#.......#
.......
#####.#.......#
........
(((.(g...>....#####
#.......
#.###g...........
+......#
#.((@........######
#......#
#....##.##..........#
.... #...
#....#.##.####.# ...
#.# #..#.#.##.# ..
#..#.#.##.# #
##.#.#.##.#
....#.##.# ## .#
#.##.# ... .. #.#


You could see a gnoll.

Vanquished Creatures
  2 bats (D:1)
  2 giant cockroaches (D:1)
  2 goblins (D:1)
  4 jackals (D:1)
  A frilled lizard (D:1)
  2 kobolds (D:1)
  A rat (D:1)
14 creatures vanquished.

Notes
Turn   | Place    | Note
-------+----------+-------------------------------------------
     0 | D:1      | sinon the Demonspawn Ice Elementalist began the quest for the Orb.
     0 | D:1      | Reached XP level 1. HP: 13/13 MP: 3/3
    38 | D:1      | Found an iron altar of Okawaru.
    46 | D:1      | Became a worshipper of Warmaster Okawaru
    76 | D:1      | Reached skill level 3 in Ice Magic
   348 | D:1      | Gained mutation: You are partially covered in iridescent scales. (AC +2) [demonic ancestry]
   348 | D:1      | Reached XP level 2. HP: 14/19 MP: 0/5
   387 | D:1      | Learned a level 2 spell: Throw Frost
   636 | D:1      | Slain by a gnoll

Skill      XL: |  1 |
---------------+----+-----
Ice Magic      | 3 |  3.5
Dodging        | |  1.7
Stealth        | |  1.7
Spellcasting   | |  2.0
Conjurations   | |  1.0

Action                   || total
-------------------------++-------
Throw: Stone             ||    46
 Cast: Freeze            ||    26
Armor: Robe              ||     8
Dodge: Dodged            ||    17
